 Dungeon Crawl Stone Soup version 0.18-a0-888-g17a9b31 (webtiles) character file.

65 Jmtri7 the Skirmisher (level 4, -1/31 HPs)
             Began as a Lacertilian Fighter on Jan 1, 2016.
             Was an Initiate of Ashenzari.
             Killed from afar by an orc wizard (12 damage)
             ... with a puff of flame
             ... in the Ecumenical Temple.
             The game lasted 00:08:52 (1929 turns).

Jmtri7 the Skirmisher (Lacertilian Fighter)         Turns: 1929, Time: 00:08:52

Health: -1/31      AC:  9    Str: 16    XL:     4   Next: 14%
Magic:  3/3        EV:  7    Int:  8    God:    Ashenzari [......]
Gold:   94         SH:  9    Dex: 14    Spells: 0 memorised, 3 levels left

rFire  . . .     SeeInvis .     a - +1 trident
rCold  . . .     Gourm    .     b - +0 scale mail
rNeg   . . .     Faith    +     c - +0 shield (curse)
rPois  .         Spirit   .     (no helmet)
rElec  .         Dismiss  .     (no cloak)
rCorr  .         Reflect  .     (no gloves)
SustAt .         Harm     .     (no boots)
MR     .....                    (no amulet)
Stlth  +.........               (no ring)
                                (no ring)

@: not resistant to hostile enchantments, very unstealthy
A: faith, no wrath for changing religions, slimy green scales 2, camouflage 1,
cold-blooded
a: Renounce Religion


You were in the Ecumenical Temple.
You worshipped Ashenzari.
Ashenzari was noncommittal.
You were not hungry.

You visited 2 branches of the dungeon, and saw 5 of its levels.

You collected 94 gold pieces.

Inventory:

Hand Weapons
 a - a +1 trident (weapon)
Armour
 b - a +0 scale mail (worn)
 c - a cursed +0 shield (worn)
Scrolls
 g - a scroll of curse jewellery
 h - a scroll of curse armour
 k - a scroll of recharging {unknown}
 n - a scroll of teleportation {unknown}
 p - a scroll of identify
Potions
 d - a potion of might
 e - a potion of haste {unknown}
 o - a potion of mutation {unknown}
Books
 l - a book of Death

   Spells                             Type                      Level
   a - Corpse Rot                     Necromancy                   2
   b - Sublimation of Blood           Necromancy                   2
   c - Agony                          Necromancy                   5
   d - Dispel Undead                  Necromancy                   5
   e - Excruciating Wounds            Charms/Necromancy            5
   f - Bolt of Draining               Conjuration/Necromancy       5
Comestibles
 f - 5 bread rations
 i - a beef jerky
 m - a meat ration


   Skills:
 * Level 3.4 Fighting
 - Level 1.5 Polearms
 + Level 3.4 Armour
 + Level 1.0 Dodging
 + Level 3.2 Shields


You had 3 spell levels left.
You didn't know any spells.

Dungeon Overview and Level Annotations

Branches:
Dungeon (4/15)             Temple (1/1) D:4

Altars:
Ashenzari
Cheibriados
Fedhas
Kikubaaqudgha
Ru
Sif Muna
Trog


Innate Abilities, Weirdness & Mutations

You have a strong connection with the divine.
You may change religions without incurring divine wrath.
You are mostly covered in slimy green scales (AC +3).
Your skin changes colour to match your surroundings (Stealth).
You are cold-blooded and may be slowed by cold attacks.


Message History

You miss the orc wizard.
The orc wizard is lightly wounded.
The orc wizard casts a spell at you. The magic dart hits you!
The orc closely misses you.
The orc wizard hits you but does no damage.
You hit the orc wizard.
You tail-slap the orc wizard, but do no damage.
The orc wizard is severely wounded.
The orc wizard completely misses you. The orc hits you but does no damage.
You miss the orc wizard.
Your tail-slap misses the orc wizard.
The orc wizard is severely wounded.
The orc wizard casts a spell at you. The magic dart hits you!
The orc hits you with a hand axe.
You feel less confused. The orc wizard barely misses you.
Your shield prevents you from hitting the orc wizard.
The orc wizard is severely wounded.
The orc wizard points at you and mumbles some strange words.
The puff of flame hits you!
You die...

...............
......._........
_............._.
................
................
................
.....⌠...⌠......
.......@........
......oo........
..⌠....<....⌠...
................
................
.....⌠...⌠......
................
................
................


You could see an orc wizard and an orc.

Vanquished Creatures
  3 adders
  A giant gecko (D:1)
  An orc (D:4)
  5 bats
  2 giant cockroaches
  4 goblins
  6 hobgoblins
  A ball python (D:2)
  2 giant newts
  6 kobolds
  5 rats
36 creatures vanquished.

Notes
Turn   | Place    | Note
--------------------------------------------------------------
     0 | D:1      | Jmtri7 the Lacertilian Fighter began the quest for the Orb.
     0 | D:1      | Reached XP level 1. HP: 15/15 MP: 0/0
    62 | D:1      | Reached XP level 2. HP: 18/20 MP: 1/1
   843 | D:2      | Reached XP level 3. HP: 26/26 MP: 2/2
   859 | D:2      | Found a shattered altar of Ashenzari.
   868 | D:2      | Became a worshipper of Ashenzari the Shackled
  1311 | D:2      | Found a deep blue altar of Sif Muna.
  1626 | D:3      | Reached skill level 1 in Dodging
  1626 | D:3      | Reached XP level 4. HP: 10/31 MP: 3/3
  1906 | D:4      | Found a staircase to the Ecumenical Temple.
  1921 | Temple   | Entered the Ecumenical Temple
  1929 | Temple   | Killed from afar by an orc wizard

Vault maps used:
D:1:      minmay_arrival_four_circles, serial_bayou_pond_c,
          corexii_corridor_pit, st_stairs_9, minmay_fountain_box,
          kennysheep_small_spiral
D:2:      led_sif_pool, lemuel_crystal_altar, first_bread
D:3:      kennysheep_the_goblin_king
D:4:      gammafunk_temple_overflow_wave, minmay_temple_entry_overgrown
Temple:   circular_temple_12

Action                   |  1- 3 |  4- 6 || total
-------------------------+-------+-------++-------
Melee: Trident           |   119 |    16 ||   135
  Use: Scroll            |     2 |     1 ||     3
  Eat: Bread ration      |     1 |       ||     1
